 Dungeon Crawl Stone Soup version 0.28-a0-239-g68911e0c57 (webtiles) character file.

Game seed: 11808969313992845971

42535 Tocho the Basher (level 13, -1/116 HPs)
             Began as a Minotaur Fighter on Aug 18, 2021.
             Was a High Priest of Makhleb.
             Slain by Rupert (33 damage)
             ... on level 4 of the Lair of Beasts on Aug 23, 2021.
             The game lasted 00:47:37 (14015 turns).

Tocho the Basher (Minotaur Fighter)                Turns: 14015, Time: 00:47:38

Health: -1/116     AC: 18    Str: 24    XL:     13   Next: 86%
Magic:  18/18      EV: 10    Int:  7    God:    Makhleb [*****.]
Gold:   1289       SH: 13    Dex: 12    Spells: 12/12 levels left

rFire   + + +      SeeInvis +   w - +7 mace of Incongruity {flame, rF+ rN+++ Will- Int+2}
rCold   x . .      Faith    .   X - +2 kite shield {rN+}
rNeg    + + +      Spirit   .   p - +3 chain mail "Vesim" {*Slow rPois SInv Stlth+}
rPois   +          Reflect  .   Q - +0 hat
rElec   .          Harm     .   (no cloak)
rCorr   .          Rampage  .   x - +0 pair of gloves
Will    .....                   f - +0 pair of boots
Stlth   ..........              e - amulet of regeneration
HPRegen 1.29/turn               A - ring of protection from fire
MPRegen 0.16/turn               H - ring of fire

@: mighty
A: horns 2, retaliatory headbutt
a: Renounce Religion, Minor Destruction, Lesser Servant of Makhleb, Major
Destruction, Greater Servant of Makhleb


You were on level 4 of the Lair of Beasts.
You worshipped Makhleb.
Makhleb was extremely pleased with you.
You visited 3 branches of the dungeon, and saw 18 of its levels.
You also visited: Ossuary.

You collected 1349 gold pieces.
You spent 60 gold pieces at shops.

Inventory:

Hand Weapons
 a - a +0 war axe
 w - the +7 mace of Incongruity (weapon) {flame, rF+ rN+++ Will- Int+2}
   (You found it on level 4 of the Dungeon)

   It burns those it strikes, dealing additional fire damage.
   Int:       It affects your intelligence (+2).
   rF:        It protects you from fire.
   rN:        It renders you almost immune to negative energy.
   Will:      It decreases your willpower.
 G - a +1 vorpal battleaxe
Missiles
 M - a throwing net
Armour
 b - a +0 scale mail
 c - a +0 kite shield
 f - a +0 pair of boots (worn)
 p - the +3 chain mail "Vesim" (worn) {*Slow rPois SInv Stlth+}
   (You found it on level 4 of the Dungeon)

   rPois:     It protects you from poison.
   SInv:      It lets you see invisible.
   *Slow:     It may slow you when you take damage.
   Stlth:     It makes you more stealthy.
 x - a +0 pair of gloves (worn)
 L - a +3 buckler
 Q - a +0 hat (worn)
 X - a +2 kite shield of positive energy (worn)
Jewellery
 e - an amulet of regeneration (around neck)
 A - a ring of protection from fire (left hand)
 B - an amulet of magic regeneration
 H - a ring of fire (right hand)
 K - an amulet of the acrobat
 T - a ring of see invisible
 U - an amulet of guardian spirit
 W - a ring of ice
Wands
 C - a wand of acid (8)
 E - a wand of iceblast (35)
 J - a wand of mindburst (8)
 P - a wand of flame (15)
Scrolls
 g - 4 scrolls of brand weapon
 h - 3 scrolls of immolation
 n - 4 scrolls of teleportation
 r - 4 scrolls of magic mapping
 v - 4 scrolls of enchant weapon
 y - 4 scrolls of holy word {unknown}
 z - a scroll of summoning
 F - a scroll of fog
 N - a scroll of enchant armour
 O - 7 scrolls of identify
 R - a scroll of amnesia {unknown}
 V - a scroll of torment {unknown}
 Y - a scroll of acquirement {unknown}
Potions
 d - 4 potions of might
 i - 2 potions of lignification
 j - 2 potions of brilliance
 k - 2 potions of berserk rage {unknown}
 l - 4 potions of magic {unknown}
 m - a potion of heal wounds
 o - 4 potions of cancellation {unknown}
 q - a potion of mutation {unknown}
 s - 8 potions of curing
 t - 6 potions of degeneration {unknown}
 u - 4 potions of flight {unknown}
 D - a potion of attraction {unknown}
 S - a potion of haste
Miscellaneous
 I - a lightning rod (4/4) (quivered)


   Skills:
 + Level 11.5 Fighting
 + Level 8.0(11.9) Axes
 + Level 13.7(14.4) Maces & Flails
 + Level 12.2 Armour
 * Level 5.4 Dodging
 + Level 1.1 Stealth
 + Level 10.9 Shields
 * Level 8.6 Invocations
 * Level 6.9 Evocations


You had 12 spell levels left.
You didn't know any spells.
Your spell library contained the following spells:

 Spells                   Type           Power      Damage    Failure   Level
 Pain                     Necr           0%         1d4       98%         1
 Corpse Rot               Necr/Air       N/A        N/A       99%         2
 Gell's Gravitas          Tloc           0%         N/A       100%        3
 Lesser Beckoning         Tloc           0%         N/A       100%        3
 Teleport Other           Tloc           0%         N/A       100%        3
 Animate Armour           Summ/Erth      0%         N/A       100%        4
 Animate Dead             Necr           0%         N/A       100%        4
 Dispel Undead            Necr           0%         3d6       100%        4
 Hailstorm                Conj/Ice       0%         3d3       100%        4
 Ice Form                 Ice/Tmut       0%         N/A       100%        4
 Agony                    Necr           0%         N/A       100%        5
 Blade Hands              Tmut           0%         N/A       100%        5
 Borgnjor's Vile Clutch   Necr/Erth      0%         N/A       100%        5
 Excruciating Wounds      Necr           0%         N/A       100%        5
 Iskenderun's Battlesphe  Conj           0%         2d6       100%        5
 Death Channel            Necr           0%         N/A       100%        6
 Iron Shot                Conj/Erth      0%         9d1       100%        6
 Simulacrum               Ice/Necr       0%         N/A       100%        6
 Spellforged Servitor     Conj/Summ      0%         N/A       100%        7


Dungeon Overview and Level Annotations

Branches:
Dungeon (13/15)            Temple (1/1) D:7            Lair (4/6) D:11
 Shoals (0/4) Lair:3       Spider (0/4) Lair:4          Orc (0/2) D:11
Ossuary (visited)
 Vaults: D:13-14

Altars:
Ashenzari
Cheibriados
Dithmenos
Elyvilon
Fedhas
Gozag
Hepliaklqana
Kikubaaqudgha
Makhleb
Nemelex Xobeh
Okawaru
Qazlal
Ru
Sif Muna
Trog
Uskayaw
Vehumet
Wu Jian
Xom
Yredelemnul
Zin
The Shining One

Shops:
D:3 [!

Annotations:
Lair:3 exclusion: 4 oklob plants
Lair:4 Rupert


Innate Abilities, Weirdness & Mutations

You have a pair of horns on your head.
You reflexively headbutt those who attack you in melee.


Message History

Rupert is moderately wounded.
Rupert hits you with a +5 great mace of draining!!!
You block Rupert's attack.
You hit Rupert but do no damage. You headbutt Rupert!
Rupert is moderately wounded.
You block Rupert's attack.
You thump Rupert! You burn Rupert. You headbutt Rupert!
Rupert is moderately wounded.
You block Rupert's attack.
You hit Rupert but do no damage.
Rupert is moderately wounded.
Rupert hits you with a +5 great mace of draining.
You hit Rupert. You burn Rupert.
Rupert is heavily wounded.
You block Rupert's attack.
You hit Rupert but do no damage.
Rupert is heavily wounded.
Rupert hits you with a +5 great mace of draining.
Your chain mail "Vesim" prevents you from hitting Rupert.
Rupert is heavily wounded.
Rupert hits you with a +5 great mace of draining!!
* * * LOW HITPOINT WARNING * * *
Rupert closely misses you. You furiously retaliate!
You headbutt Rupert, but do no damage.
You feel much better.
Rupert hits you with a +5 great mace of draining!
You feel very mighty all of a sudden.
Rupert hits you with a +5 great mace of draining!!
* * * LOW HITPOINT WARNING * * *
You block Rupert's attack.
You bludgeon Rupert!! You burn Rupert. You headbutt Rupert!!
Rupert is severely wounded.
Rupert barely misses you. You furiously retaliate!
You headbutt Rupert! You closely miss Rupert.
Rupert is severely wounded.
You block Rupert's attack.
You bludgeon Rupert!! You burn Rupert! You headbutt Rupert.
Rupert is almost dead.
Rupert hits you with a +5 great mace of draining!!
You die...

..## ##.#.## ...# ##..#.#
...## #..#..# ....# ##..#.##
...P# #..#### ....###### #####
####...####
....#.#.P###P#P###.##..###.#
..........<.....@..........###
......######...#@##.#.....[.P#
...#.## ###########......##
.##### #......# ## ##.....# #
#....## ##...# #...### ##P...#
##..##


You could see Rupert (berserk, drained).

Vanquished Creatures
  Gastronok (Lair:1)
  Josephine (D:10)
  Fannar (Lair:3)
  3 hydras
  Harold (D:11)
  The ghost of Omoojoath the Cleaver, a journeyman DsGl of Okawaru (Lair:1)
  2 boulder beetles
  3 death yaks (D:10)
  A centaur warrior (D:11)
  3 two-headed ogres
  The ghost of wirefist the Carver, a novice PaBe of Trog (D:9)
  Nergalle (D:10)
  Sonja (Lair:1)
  4 skeletal warriors
  A manticore (D:12)
  An ugly thing (D:12)
  A cyclops (D:12)
  A merfolk siren (Lair:3)
  7 cane toads
  A freezing wraith (D:12)
  6 komodo dragons
  3 rime drakes
  3 polar bears (Lair:3)
  2 trolls (D:10)
  Grinder (D:3)
  3 jumping spiders (Lair:4)
  10 blink frogs
  A meliai zombie (D:10)
  A redback (Lair:4)
  A shadow (D:10)
  3 wyverns
  27 yaks
  4 wraiths (D:10)
  Eustachio (D:6)
  9 basilisks
  5 steam dragons
  2 vampire mosquitoes (D:11)
  An acid dragon (D:9)
  26 water moccasins
  2 black bears (D:4)
  2 sky beasts (D:5)
  6 orc warriors
  4 ice beasts
  A necrophage (D:5)
  3 ogres
  6 wolves (Lair:2)
  5 centaurs
  2 phantoms
  3 lemures (D:7)
  A kobold brigand (D:4)
  8 bullfrogs
  3 scorpions
  A wyvern skeleton (D:7)
  A water moccasin skeleton (D:7)
  9 killer bees
  4 wights (D:8)
  An electric eel (D:6)
  A howler monkey (D:6)
  2 bullfrog zombies
  5 centaur zombies
  3 jellies
  6 orc priests
  A centaur skeleton (D:5)
  An iguana (D:4)
  6 orc wizards
  A scorpion zombie (D:3)
  5 hell rats
  A killer bee zombie (D:8)
  2 centaur simulacra (D:9)
  A hound zombie (D:3)
  2 hound skeletons (D:3)
  2 howler monkey zombies
  9 mummies
  Robin (D:2)
  17 adders
  7 gnolls (D:5)
  2 river rats
  A shadow imp (D:6)
  2 white imps (D:9)
  3 howler monkey simulacra (D:9)
  3 adder skeletons (D:3)
  2 worms
  A dart slug (D:4)
  48 orcs
  5 ball pythons
  6 endoplasms
  3 giant cockroaches
  2 gnoll zombies (Ossuary)
  11 goblins
  6 hobgoblins
  4 jackals
  12 kobolds
  8 quokkas
  A ball python zombie (D:3)
  5 bats
  3 frilled lizards
  A giant cockroach zombie (D:3)
  2 hobgoblin zombies (Ossuary)
  A jackal skeleton (D:3)
  A jackal zombie (D:3)
  3 kobold zombies (Ossuary)
  An orc zombie (Ossuary)
  2 quokka zombies (D:3)
  5 rats
424 creatures vanquished.

Vanquished Creatures (others)
  A human (D:9)
  72 fungi
  12 plants
  3 withered plants (D:3)
88 creatures vanquished.

Grand Total: 512 creatures vanquished

Notes
Turn   | Place    | Note
-------+----------+-------------------------------------------
     0 | D:1      | Tocho the Minotaur Fighter began the quest for the Orb.
     0 | D:1      | Reached XP level 1. HP: 19/19 MP: 0/0
   611 | D:1      | Reached XP level 2. HP: 27/27 MP: 1/1
  1178 | D:2      | Reached XP level 3. HP: 33/33 MP: 2/2
  1420 | D:2      | Noticed Robin
  1427 | D:2      | Reached XP level 4. HP: 41/41 MP: 3/3
  1431 | D:2      | Killed Robin
  1605 | D:3      | Reached XP level 5. HP: 39/47 MP: 4/4
  1617 | D:3      | Found Laatifei's Distillery.
  1623 | D:3      | Bought a potion of heal wounds for 60 gold pieces
  1700 | D:3      | Noticed Grinder
  1718 | D:3      | Killed Grinder
  1719 | D:3      | Reached skill level 5 in Fighting
  1719 | D:3      | Reached skill level 5 in Axes
  1719 | D:3      | Reached skill level 1 in Dodging
  1719 | D:3      | Reached XP level 6. HP: 40/56 MP: 5/5
  1774 | D:3      | Found Qeakhema's Armour Emporium.
  1808 | D:3      | Reached skill level 5 in Shields
  1905 | D:3      | Found a sparkling altar of Nemelex Xobeh.
  2155 | D:3      | Found a faded altar of an unknown god.
  2402 | D:3      | Found a basalt altar of Yredelemnul.
  2612 | D:4      | Identified the +3 chain mail "Vesim" {*Slow rPois SInv
                  | Stlth+}
  2622 | D:4      | Found a sand-covered staircase.
  2628 | D:4      | Reached skill level 5 in Armour
  2664 | Ossuary  | Entered an ossuary
  2677 | Ossuary  | Reached XP level 7. HP: 48/61 MP: 6/6
  2987 | D:4      | Identified the +7 mace of Incongruity {flame, rF+ rN+++
                  | Will- Int+2}
  3170 | D:4      | Noticed a steam dragon
  3180 | D:4      | Killed a steam dragon
  3181 | D:4      | Reached skill level 1 in Maces & Flails
  3221 | D:4      | Found a shimmering altar of Xom.
  3453 | D:4      | Reached XP level 8. HP: 70/70 MP: 7/7
  3466 | D:4      | Reached skill level 2 in Maces & Flails
  3672 | D:5      | Entered Level 5 of the Dungeon
  3685 | D:5      | Reached skill level 3 in Maces & Flails
  3687 | D:5      | Found a hide-covered altar of Uskayaw.
  3738 | D:5      | Found a shimmering blue altar of Sif Muna.
  3738 | D:5      | Found a hazy altar of Hepliaklqana.
  3753 | D:5      | Found a glowing golden altar of the Shining One.
  3786 | D:5      | Reached skill level 4 in Maces & Flails
  3798 | D:5      | Reached skill level 5 in Maces & Flails
  4079 | D:5      | Reached XP level 9. HP: 78/78 MP: 8/8
  4106 | D:5      | Reached skill level 6 in Maces & Flails
  4129 | D:5      | Found a white marble altar of Elyvilon.
  4130 | D:5      | Found a blossoming altar of Fedhas.
  4680 | D:6      | Noticed Eustachio
  4685 | D:6      | Killed Eustachio
  4686 | D:6      | Reached skill level 7 in Maces & Flails
  4849 | D:6      | Reached skill level 8 in Maces & Flails
  5267 | D:7      | Found a staircase to the Ecumenical Temple.
  5305 | Temple   | Entered the Ecumenical Temple
  5516 | Temple   | Became a worshipper of Makhleb the Destroyer
  5612 | D:7      | Found a sacrificial altar of Ru.
  5681 | D:7      | Upgraded the game from 0.28-a0-194-g42b4daccc1 to
                  | 0.28-a0-206-gc2c9e32840
  6028 | D:8      | Reached skill level 9 in Maces & Flails
  6215 | D:8      | Reached XP level 10. HP: 88/88 MP: 9/9
  6687 | D:9      | Found a runed translucent gate.
  6687 | D:9      | Found a runed translucent gate.
  6687 | D:9      | Found a runed translucent gate.
  6687 | D:9      | Noticed a two-headed ogre
  6697 | D:9      | Killed a two-headed ogre
  6698 | D:9      | Reached skill level 10 in Maces & Flails
  6698 | D:9      | Reached skill level 1 in Stealth
  6742 | D:9      | Reached * piety under Makhleb
  6915 | D:9      | Noticed wirefist's ghost (novice PaBe)
  7030 | D:9      | Reached skill level 1 in Invocations
  7112 | D:9      | Found an ancient bone altar of Kikubaaqudgha.
  7379 | D:9      | Killed wirefist's ghost
  7516 | D:10     | Entered Level 10 of the Dungeon
  7532 | D:10     | Noticed a two-headed ogre
  7546 | D:10     | Reached skill level 11 in Maces & Flails
  7549 | D:10     | Killed a two-headed ogre
  7550 | D:10     | Reached skill level 1 in Evocations
  7692 | D:10     | Noticed Nergalle
  7699 | D:10     | Noticed a spectral orc warlord
  7726 | D:10     | Killed Nergalle
  7727 | D:10     | Reached XP level 11. HP: 95/95 MP: 12/12
  7733 | D:10     | Reached ** piety under Makhleb
  7886 | D:10     | Noticed Josephine
  7905 | D:10     | Killed Josephine
  8313 | D:11     | Noticed a death yak
  8364 | D:11     | Noticed a death yak
  8376 | D:11     | Noticed a death yak
  8408 | D:10     | Killed a death yak
  8414 | D:10     | Killed a death yak
  8615 | D:10     | Killed a death yak
  8616 | D:10     | Reached skill level 12 in Maces & Flails
  8616 | D:10     | Reached skill level 10 in Armour
  8636 | D:11     | Found a staircase to the Lair.
  8658 | D:11     | Noticed Harold
  8674 | D:11     | Killed Harold
  8675 | D:11     | Noticed a centaur warrior
  8676 | D:11     | Noticed a skeletal warrior
  8678 | D:11     | Noticed a skeletal warrior
  8679 | D:11     | Noticed a skeletal warrior
  8701 | D:10     | Killed a skeletal warrior
  9001 | D:11     | Killed a centaur warrior
  9002 | D:11     | Reached skill level 5 in Invocations
  9002 | D:11     | Reached XP level 12. HP: 35/106 MP: 14/14
  9259 | D:11     | Reached *** piety under Makhleb
  9375 | D:11     | You fall into a shaft and drop 2 floors!
  9395 | D:12     | Noticed a boulder beetle
  9397 | D:12     | Upgraded the game from 0.28-a0-206-gc2c9e32840 to
                  | 0.28-a0-239-g68911e0c57
  9405 | D:12     | Reached skill level 10 in Fighting
  9409 | D:12     | Killed a boulder beetle
  9670 | D:12     | Noticed a two-headed ogre
  9681 | D:12     | Killed a two-headed ogre
  9693 | D:12     | Reached **** piety under Makhleb
  9859 | D:12     | Reached skill level 5 in Evocations
  9886 | D:12     | Reached skill level 10 in Shields
 10027 | D:11     | Found a staircase to the Orcish Mines.
 10302 | Lair:1   | Entered Level 1 of the Lair of Beasts
 10320 | Lair:1   | Noticed Gastronok
 10336 | Lair:1   | Killed Gastronok
 10666 | Lair:1   | Reached skill level 13 in Maces & Flails
 10753 | Lair:1   | Found a runed translucent door.
 10812 | Lair:1   | Noticed Sonja
 10872 | Lair:1   | Killed Sonja
 10889 | Lair:1   | Noticed Omoojoath's ghost (journeyman DsGl)
 10912 | Lair:1   | Killed Omoojoath's ghost
 10950 | Lair:1   | Reached XP level 13. HP: 112/114 MP: 17/17
 11335 | Lair:2   | Reached ***** piety under Makhleb
 12162 | Lair:3   | Noticed Fannar
 12193 | Lair:3   | Killed Fannar
 12835 | Lair:3   | Reached skill level 5 in Dodging
 13055 | Lair:3   | Found a staircase to the Shoals.
 13538 | Lair:4   | Found a hole to the Spider Nest.
 13801 | Lair:4   | Noticed Rupert
 14015 | Lair:4   | Slain by Rupert

Illustrated notes

Levels and vault maps discovered:
D:1:      dpeg_arrival_simpleton_c, layout_basic
D:2:      layout_loops_ring, nrook_uturn, uniq_robin
D:3:      layout_loops_corners, general_overflow_altar,
          nemelex_diamond_rough_becter, serial_undead, serial_undead_a,
          serial_undead_c, serial_undead_d, serial_undead_a, serial_undead_b,
          serial_undead_c, serial_undead_c,
          hellmonk_ecumenical_altar_heavens_door, serial_shops,
          nicolae_shop_competitors_out_of_business,
          nicolae_shop_temple_entry_statues_fountains, uniq_grinder
D:4:      cheibrodos_thug_alley, layout_gridville,
          mainiacjoe_overflow_tiny_flanked, gup_ossuary_entry_pyramid
D:5:      layout_basic, mainiacjoe_overflow_brackets, lemuel_tele_altar,
          mainiacjoe_overflow_catch_the_wave, jmf_multi_god_temple
D:6:      layout_basic, fountainhead, grunt_decor_junction, uniq_eustachio
D:7:      layout_rooms, kennysheep_mini_moat, minmay_temple_entry_glass,
          uniq_pikel
D:8:      layout_loops_ring
D:9:      layout_irregular_city, tgw_kikubaaqudgha, gammafunk_ghost_icy
D:10:     layout_basic, uniq_josephine, uniq_nergalle
D:11:     layout_rooms, dpeg_lair_monsters, hiddenorc2_lemuel, uniq_harold
D:12:     layout_grid_maze
D:13:     layout_stronghold, lightli_vaults_fourway_checkpoint
Temple:   minmay_temple_curvy_loop
Lair:1:   lemuel_reptile_caves, layout_hall_layers,
          ebering_ghost_reflecting_pool, fungi_pond_lemuel, uniq_sonja,
          uniq_gastronok
Lair:2:   layout_chaotic_city
Lair:3:   layout_small_grid, minmay_shoals_entry_lonely_mermaid,
          grunt_megastairs_5, serial_bayou_shore_b, infiniplex_staircase_pool_2,
          lemuel_fruit_tree, lemuel_fruit_fields, minmay_lair_oklob_chamber,
          serial_bayou_shore_b, uniq_fannar
Lair:4:   layout_cave_pods, spider_nest_entry_funnel_web, uniq_rupert

Skill      XL: |  1  2  3  4  5  6  7  8  9 10 11 12 13 |
---------------+----------------------------------------+-----
Shields        | 4 5 6 7 8 9 10 | 10.9
Armour         | 4 5 7 8 9 10 11 12 | 12.2
Fighting       | 4 5 6 7 8 9 10 11 | 11.5
Axes           | 3 4 5 6 8 |  8.0
Dodging        | 1 2 3 4 5 |  5.4
Maces & Flails | 1 5 9 11 12 13 | 13.7
Stealth        | 1 |  1.1
Invocations    | 3 5 6 8 |  8.6
Evocations     | 1 4 5 6 |  6.9

Action                   |  1- 3 |  4- 6 |  7- 9 | 10-12 | 13-15 || total
-------------------------+-------+-------+-------+-------+-------++-------
Melee: War axe           |    83 |   128 |    32 |       |       ||   243
       Headbutt          |    10 |    22 |    45 |   133 |    87 ||   297
       Mace              |       |       |   241 |   614 |   440 ||  1295
Invok: Minor Destruction |       |       |       |    10 |       ||    10
       Major Destruction |       |       |       |     4 |    20 ||    24
Evoke: Wand              |       |       |       |       |     2 ||     2
  Use: Scroll            |       |       |     8 |     5 |     1 ||    14
       Potion            |       |       |     1 |     5 |     9 ||    15
Armor: Scale mail        |    49 |    64 |       |       |       ||   113
       Chain mail        |       |     6 |   133 |   280 |   191 ||   610
       Skin              |       |       |       |     5 |       ||     5
Dodge: Dodged            |    24 |    33 |    53 |   153 |   168 ||   431
Block: Kite shield       |    48 |    54 |   131 |   110 |    40 ||   383
       Buckler           |       |       |       |   134 |   170 ||   304

Table legend: (Time is in decaauts)
 A = Elapsed time spent in this place.
 B = Non-inter-level travel time spent in this place.
 C = Inter-level travel time spent in this place.
 D = Time resting spent in this place.
 E = Time spent auto-exploring this place.
 F = Levels seen in this place.
 G = Mean time per level.
                   A        B        C        D        E       F      G
               +--------+--------+--------+--------+--------+-----+--------+
         Total |  14032 |  13701 |    331 |    602 |   9311 |  19 |  738.5 |
       Dungeon |   9926 |   9655 |    271 |    600 |   6577 |  13 |  763.5 |
        Temple |    292 |    282 |     10 |      0 |    200 |   1 |  292.0 |
          Lair |   3594 |   3544 |     50 |      2 |   2398 |   4 |  898.5 |
       Ossuary |    218 |    218 |      0 |      0 |    135 |   1 |  218.0 |
               +--------+--------+--------+--------+--------+-----+--------+

Top non-repeatable levels by time:
    D:10: 1395 daAuts
  Lair:3: 1302 daAuts
     D:3: 1074 daAuts
     D:1: 933 daAuts
     D:4: 921 daAuts
  Lair:1: 921 daAuts
     D:9: 921 daAuts
     D:5: 837 daAuts
    D:11: 783 daAuts
     D:6: 751 daAuts
  Lair:2: 710 daAuts
     D:8: 665 daAuts
  Lair:4: 660 daAuts
     D:2: 658 daAuts
    D:12: 545 daAuts
